 Dungeon Crawl Stone Soup version 0.17-a0-1534-gf98da79 (webtiles) character file.

515764 Chiseanne the Hoplite (level 24, -2/178 HPs)
             Began as a Demonspawn Wanderer on July 16, 2015.
             Was an Initiate of Gozag.
             Killed by the air
             ... invoked by a titan
              (27 damage)
             ... on level 5 of the Vaults on July 17, 2015.
             The game lasted 04:41:14 (56306 turns).

Chiseanne the Hoplite (Demonspawn Wanderer)        Turns: 56306, Time: 04:41:15

Health: -2/178     AC: 18    Str: 33    XL:     24   Next: 48%
Magic:  32/32      EV: 26    Int: 24    God:    Gozag
Gold:   222        SH: 37    Dex: 29    Spells: 14 memorised, 10 levels left

rFire  + + +     SeeInvis .     a - +8 mithril axe "Arga" {speed, MR+ Str+2}
rCold  + . .     Clarity  .     N - +1 ring mail of the Forsaken Wars {rF++ Regen+}
rNeg   + + +     SustAt   .     I - +8 large shield {reflect}
rPois  +         Gourm    .     i - -2 hat of the Alchemist {rElec rPois rF+ rC+ rN+ MR+ rMut rCorr}
rElec  +         Spirit   .     R - +1 cloak {rPois}
rCorr  +         Warding  +     (gloves unavailable)
rMut   +         Stasis   .     T - +1 pair of boots
MR     ++++.                    x - amulet of warding
Stlth  ++++......               m - ring of Pessimism {rF+ rN+ MP-9 Str+8 Slay+3}
                                c - ring "Qisaopt" {rN+ MR+ Str+3 Int+3 Dex+4}

@: mighty, brilliant, agile, very slightly contaminated, studying Armour,
invisible, incredibly resistant to hostile enchantments, stealthy
A: claws 3, iridescent scales 2, camouflage 1, negative energy resistance 1,
powered by pain 3, regeneration 1, spiny 3, 50% torment resistance, MP-powered
wands
a: Potion Petition, Call Merchant, Bribe Branch, Renounce Religion
}: 2/15 runes: serpentine, barnacled


You were on level 5 of the Vaults.
You worshipped Gozag.
Gozag was noncommittal.
You were not hungry.

You visited 9 branches of the dungeon, and saw 49 of its levels.
You visited 1 bazaar.
You also visited: Labyrinth and Sewer.

You collected 25936 gold pieces.
You spent 15270 gold pieces at shops.
You paid 10444 gold pieces to Gozag.

Inventory:

Hand weapons
 a - the +8 mithril axe "Arga" (weapon) {speed, MR+ Str+2}
   (You bought it in a shop on level 15 of the Dungeon)

   Attacks with this weapon are significantly faster.
   It affects your strength (+2).
   It affects your resistance to hostile enchantments.
 d - a +4 broad axe of protection
 f - a +4 broad axe of electrocution
 s - a +1 broad axe of flaming
Missiles
 C - a throwing net (quivered)
Armour
 i - the -2 hat of the Alchemist (worn) {rElec rPois rF+ rC+ rN+ MR+ rMut rCorr}
   (You bought it in a shop on level 2 of the Orcish Mines)

   It protects you from fire.
   It protects you from cold.
   It insulates you from electricity.
   It protects you from poison.
   It protects you from negative energy.
   It affects your resistance to hostile enchantments.
   It protects you from acid and corrosion.
   It protects you from mutation.
 I - a +8 large shield of reflection (worn)
 N - the +1 ring mail of the Forsaken Wars (worn) {rF++ Regen+}
   (You bought it in a shop on level 4 of the Orcish Mines)

   It greatly protects you from fire.
   It increases your rate of regeneration.
 R - a +1 cloak of poison resistance (worn)
 T - a +1 pair of boots (worn)
Jewellery
 c - the ring "Qisaopt" (left claw) {rN+ MR+ Str+3 Int+3 Dex+4}
   (You took it off Jory on level 3 of the Crypt)

   [ring of positive energy]

   It affects your strength (+3).
   It affects your intelligence (+3).
   It affects your dexterity (+4).
   It protects you from negative energy.
   It affects your resistance to hostile enchantments.
 m - the ring of Pessimism (right claw) {rF+ rN+ MP-9 Str+8 Slay+3}
   (You took it off a vampire on level 3 of the Crypt)

   [ring of positive energy]

   It affects your strength (+8).
   It affects your accuracy and damage with ranged weapons and melee attacks
   (+3).
   It protects you from fire.
   It protects you from negative energy.
   It affects your magic capacity (-9).
 x - an amulet of warding (around neck)
 P - an uncursed ring of see invisible
Magical devices
 O - a wand of disintegration (4)
 U - a wand of digging (0)
 Y - a wand of digging (12)
Scrolls
 b - 3 scrolls of fear
 n - 3 scrolls of silence
 t - 5 scrolls of fog
 u - 7 scrolls of teleportation
 y - 11 scrolls of remove curse
 A - 24 scrolls of identify
 F - a scroll of immolation
 G - 6 scrolls of blinking
 K - 4 scrolls of recharging
 Q - 9 scrolls of magic mapping
Potions
 g - 9 potions of flight
 k - a potion of berserk rage
 D - a potion of invisibility
 E - 19 potions of curing
 L - 4 potions of brilliance
 M - 5 potions of cancellation
Books
 h - a manual of Armour
Miscellaneous
 v - a fan of gales
 z - a phial of floods
 S - a box of beasts
 X - a stone of tremors
Comestibles
 e - 5 bread rations
 r - 26 meat rations


   Skills:
 - Level 11.8 Fighting
   Level 1.0 Short Blades
 - Level 18.5 Axes
 * Level 15.1 Armour
 - Level 8.2 Dodging
 - Level 1.0 Stealth
 + Level 25.1 Shields
 - Level 14.0 Spellcasting
 - Level 2.0 Summonings
 - Level 10.3 Translocations
   Level 1.0 Earth Magic


You had 10 spell levels left.
You knew the following spells:

 Your Spells              Type           Power        Failure   Level  Hunger
a - Apportation           Tloc           ######....   1%          1    None
b - Shroud of Golubria    Chrm/Tloc      ######....   1%          2    None
c - Passage of Golubria   Tloc           N/A          1%          4    None
d - Spectral Weapon       Hex/Chrm       ####....     1%          3    None
e - Blink                 Tloc           N/A          1%          2    None
f - Repel Missiles        Chrm/Air       ####..       1%          2    None
g - Phase Shift           Tloc           ######....   1%          5    ###....
h - Force Lance           Conj/Tloc      ######..     1%          4    None
i - Song of Slaying       Chrm           ####....     1%          2    None
j - Teleport Other        Tloc           ######..     1%          3    None
k - Summon Forest         Summ/Tloc      ######....   1%          5    ###....
l - Tukima's Dance        Hex            ####....     1%          3    None
m - Swiftness             Chrm/Air       ####....     1%          2    None
n - Regeneration          Chrm/Necr      ####......   1%          3    None


Dungeon Overview and Level Annotations

Branches:
Dungeon (15/15)            Temple (1/1) D:5            Lair (8/8) D:8
 Shoals (4/4) Lair:5        Snake (4/4) Lair:4        Slime (0/6) Lair:7
    Orc (4/4) D:10            Elf (0/3) Orc:4        Vaults (5/5) D:14
  Crypt (3/3) Vaults:3       Tomb (0/3) Crypt:3      Depths (5/5) D:15
    Zot (0/5) Depths:5

Altars:
Ashenzari
Cheibriados
Dithmenos
Elyvilon
Fedhas
Gozag
Kikubaaqudgha
Makhleb
Nemelex Xobeh
Okawaru
Qazlal
Ru
Sif Muna
Trog
Vehumet
Xom
Yredelemnul
Zin
The Shining One

Shops:
D:7 [   D:8 %([*   D:9 !   D:14 *   D:15 *[([(:   Orc:1 !   Orc:2 }[:
Orc:4 :([[   Vaults:1 *   Depths:1 =   Depths:5 ?

Portals:
Hell: Depths:1 Depths:2 Depths:3 Depths:4 Depths:5
Abyss: Depths:1 Depths:4
Pandemonium: Depths:3
Ziggurat: Depths:3
Trove: D:15 (give +4 ice dragon armour)

Annotations:
D:14 1 runed door, exclusion: orange crystal statue


Innate Abilities, Weirdness & Mutations

You have claws for hands.
You are mostly covered in iridescent scales (AC +6).
You resist negative energy.
You are powered by pain.
You are completely covered in sharp spines.
You are somewhat able to resist unholy torments (1 in 2 success).
Your skin changes colour to match your surroundings (Stealth).
Your natural rate of healing is unusually fast.
You expend magic power (3 MP) to strengthen your wands.


Message History

Unknown command.
Unknown command.
Unknown command.
Read which item? (? for menu, Esc to quit)
As you read the scroll of fear, it crumbles to dust.
You assume a fearsome visage.
The vault warden resists with almost no effort.
The yaktaur captain looks frightened!
The titan resists with almost no effort.
The ironheart preserver resists with some effort.
The ettin looks frightened!
The ettin shouts in stereo!
The titan resists with almost no effort.
The ironheart preserver looks frightened!
The vault warden is no longer distracted by gold.
The ettin is no longer distracted by gold.
The titan waves its arms in wide circles.
The air twists around and strikes you!
You die...
Your body crumbles into a pile of gold.

##. ....#
##..#....#
#$..#....#
$..#.$$.# . ##
..#.$$.# .. #[(
#§#$$.$###(c.
....##§#.$$..p$$#
.....C§§$$..$$..#
######.$$$@p§$$.#
$..$$$$)$<§§§.....
.$....$$<))§§...$.
$..$.$$C)<<)......
$..$$..)$$)...$...
######$.)$..C.####
.$.$..$....
.#.#....#.p$.
...$#.$..#..##


You could see 2 ironheart preservers, 2 titans, a vault warden, a yaktaur
captain (fleeing) and an ettin (fleeing).

Vanquished Creatures
  2 ancient liches
  Khufu (Crypt:3)
  2 greater mummies (Crypt:3)
  Sojobo (Vaults:3)
  Margery (Depths:4)
  Norris (Vaults:1)
  Saint Roka (Vaults:2)
  3 caustic shrikes
  A golden dragon (Vaults:4)
  Nikola (Snake:4)
  Jory (Crypt:3)
  A profane servitor (Crypt:3)
  Xtahua (Crypt:3)
  4 bone dragons
  A lich (Crypt:3)
  Jorgrun (Vaults:3)
  2 tentacled monstrosities
  A deep elf blademaster (Depths:1)
  A quicksilver dragon (shapeshifter) (Depths:5)
  A deep elf master archer (Depths:2)
  A quicksilver dragon (Depths:2)
  5 sphinxes
  4 octopode crushers
  An ancient champion (Crypt:3)
  The ghost of trantor the Imperceptible, a mighty SpEn of Okawaru (Vaults:1)
  An azure jelly (Depths:2)
  4 storm dragons
  5 tengu reavers
  2 revenants (Crypt:3)
  5 shadow dragons
  7 greater nagas
  2 draconian monks
  Wiglaf (Snake:4)
  6 fire giants
  Donald (Vaults:1)
  17 vault wardens
  A draconian knight (Depths:5)
  4 frost giants
  An iron dragon (Depths:5)
  Aizul (Snake:2)
  A balrug (Depths:4)
  Louise (Shoals:2)
  2 orc warlords
  15 ironheart preservers
  The ghost of Nattefrost the Fencer, a powerful DrBe of Trog (Lair:8)
  A spriggan defender (Depths:1)
  4 ghouls
  10 stone giants
  2 vampire knights
  A draconian caller (Depths:5)
  10 very ugly things
  Nessos (Lair:6)
  A deep elf demonologist (Depths:2)
  2 green draconians (Depths:5)
  2 salamander firebrands
  3 black draconians (Depths:5)
  A dire elephant (Depths:2)
  2 yellow draconians (Depths:5)
  3 mottled draconians (Depths:5)
  3 salamander stormcallers
  2 deep elf annihilators
  A white draconian (Depths:5)
  2 purple draconians (Depths:5)
  3 red draconians (Depths:5)
  2 merfolk javelineers
  2 minotaurs
  Snorg (D:11)
  A crystal guardian (Depths:2)
  2 deep elf death magi (Crypt:3)
  15 ogre magi
  2 eidola
  10 yaktaur captains
  3 merfolk impalers
  37 vault guards
  9 fire dragons
  9 great orbs of eyes
  7 ice dragons
  4 rakshasas
  8 ettins
  18 jiangshi
  A spriggan air mage (Depths:4)
  A death cob (Crypt:3)
  2 hell beasts (Depths:2)
  4 entropy weavers
  A quicksilver dragon skeleton (Depths:3)
  9 naga warriors
  14 hydras
  A merfolk aquamancer (Shoals:3)
  An alligator (Depths:2)
  A catoblepas (Depths:2)
  6 anacondas
  6 death knights
  4 merfolk avatars
  15 deep troll shamans
  6 death yaks
  4 centaur warriors
  4 tengu warriors
  3 vampire magi
  7 orc high priests
  8 shock serpents
  14 deep troll earth magi
  A storm dragon zombie (Vaults:3)
  Urug (Orc:3)
  15 naga sharpshooters
  Nergalle (Orc:3)
  12 hell knights
  A fire crab (Vaults:4)
  3 wizards
  2 spriggan berserkers
  4 shadow wraiths
  19 skeletal warriors
  2 iron trolls (Depths:5)
  4 unseen horrors
  A golden dragon zombie (Depths:3)
  3 deep elf knights
  34 deep trolls
  8 sea snakes
  12 ironbrand convokers
  8 salamander mystics
  4 flayed ghosts
  4 lindwurms (Depths:2)
  18 orc knights
  13 harpies
  A tengu zombie (D:15)
  11 hill giants
  3 giant orange brains
  Pikel (D:4)
  6 deep elf conjurers
  25 necromancers
  8 naga ritualists
  7 phantasmal warriors
  4 wolf spiders
  2 sphinx zombies
  A tengu skeleton (Depths:4)
  44 ugly things
  8 mana vipers
  6 hornets
  19 griffons
  2 orc sorcerers (Depths:2)
  A salamander (shapeshifter) (Vaults:2)
  A sphinx skeleton (Depths:4)
  A faun (Shoals:1)
  2 shining eyes (Depths:3)
  An iron dragon skeleton (Depths:3)
  30 black mambas
  A fire giant skeleton (Depths:5)
  19 salamanders
  2 sirens
  5 guardian serpents
  2 water nymphs (Shoals:4)
  17 manticores
  A frost giant skeleton (Vaults:2)
  Maurice (D:8)
  A centaur zombie (D:15)
  An eye of devastation (shapeshifter) (Depths:2)
  8 cyclopes
  14 elephants
  A gargoyle (Depths:1)
  5 eyes of devastation (Depths:3)
  19 spiny frogs
  7 human zombies
  8 vault sentinels
  A redback zombie (D:15)
  25 naga magi
  A komodo dragon (shapeshifter) (Vaults:1)
  14 komodo dragons
  3 human skeletons (Vaults:3)
  36 yaktaurs
  A deep elf priest (Vaults:4)
  A fire drake (shapeshifter) (Vaults:2)
  A yaktaur skeleton (Vaults:2)
  5 freezing wraiths
  4 guardian mummies (Crypt:1)
  6 tengu conjurers
  A troll (shapeshifter) (Vaults:4)
  2 kobold demonologists (Vaults:2)
  A polar bear (Lair:8)
  2 red devils (Depths:4)
  3 fire drakes
  14 merfolk
  5 trolls
  2 wind drakes
  A moth of wrath zombie (Crypt:1)
  An iron dragon simulacrum (Crypt:3)
  A raiju (Depths:2)
  A stone giant simulacrum (Vaults:2)
  17 two-headed ogres
  A raiju (shapeshifter) (D:14)
  2 deep troll zombies (D:15)
  3 jumping spiders
  5 boulder beetles
  An ice dragon zombie (Crypt:3)
  19 slime creatures
  A hornet zombie (D:14)
  16 blink frogs
  A fire dragon zombie (D:15)
  A snapping turtle (Depths:2)
  A frost giant simulacrum (Vaults:2)
  A centaur simulacrum (D:14)
  3 air elementals (Depths:4)
  50 flying skulls (Crypt:3)
  8 redbacks
  6 shadows
  A wyvern (shapeshifter) (D:14)
  2 wyverns
  2 fire giant simulacra
  6 vampires
  10 water elementals
  6 deep elf magi
  A steam dragon (shapeshifter) (Depths:2)
  2 steam dragons
  3 basilisks
  2 elf skeletons (Depths:3)
  36 yaks
  11 wolves
  3 golden eyes (Depths:3)
  3 hungry ghosts
  A fire elemental (Depths:4)
  4 wargs
  35 nagas
  A spriggan simulacrum (Depths:4)
  5 wraiths
  14 hippogriffs
  8 vampire mosquitoes
  20 humans (D:14)
  A swamp worm (shapeshifter) (Depths:5)
  A soldier ant (D:14)
  A hippogriff (shapeshifter) (Vaults:4)
  5 mottled dragons
  8 porcupines
  A fire dragon simulacrum (Crypt:3)
  20 water moccasins
  2 soldier ants (shapeshifter)
  3 eyes of draining
  50 orc warriors
  A hell hound (Depths:1)
  5 sky beasts
  3 spiders (Lair:8)
  3 wasps
  3 black bears
  11 boggarts
  An elf zombie (Vaults:2)
  3 swamp drakes (Lair:8)
  2 phantoms
  2 small abominations (Crypt:3)
  3 black bears (shapeshifter)
  41 ogres
  An orc skeleton (Vaults:2)
  5 necrophages
  3 ice beasts
  An elf simulacrum (Depths:3)
  7 centaurs
  4 big kobolds
  A gnoll sergeant (D:8)
  14 crocodiles
  29 giant frogs
  A wyvern zombie (D:9)
  A water moccasin zombie (D:9)
  2 scorpions
  A boulder beetle zombie (Vaults:3)
  A troll skeleton (D:9)
  7 electric eels
  A spriggan skeleton (D:9)
  8 hounds
  A giant frog zombie (D:7)
  3 human simulacra (Vaults:2)
  8 crimson imps
  5 centaur skeletons
  17 jellies
  53 orc priests
  31 orc wizards
  10 iguanas
  25 worker ants
  A porcupine zombie (Crypt:1)
  2 giant frog skeletons
  26 sheep
  An ogre zombie (Crypt:1)
  A hound zombie (D:5)
  5 mummies
  A worker ant zombie (D:8)
  23 adders
  15 gnolls
  40 river rats
  A scorpion zombie (Crypt:1)
  4 shadow imps
  A giant eyeball (Depths:3)
  15 oozes
  2 worms
  An adder skeleton (D:4)
  175 orcs
  A bat skeleton (D:6)
  14 giant cockroaches
  18 hobgoblins
  3 jackals (D:1)
  5 quokkas
  14 ball pythons
  13 bats
  A giant cockroach zombie (D:6)
  15 giant geckos
  2 giant gecko skeletons
  13 giant newts
  27 goblins
  A jackal zombie (Crypt:1)
  31 kobolds
  2 quokka skeletons
  20 rats
  11 fungi
  10 plants
2249 creatures vanquished.

Vanquished Creatures (collateral kills)
  Mennas (Depths:5)
  An ettin (Depths:5)
  2 naga sharpshooters (Snake:1)
  A sea snake (Shoals:1)
  A siren (Shoals:1)
  2 manticores (Shoals:1)
  A black mamba (Snake:1)
  2 fauns (Shoals:1)
  2 merfolk
13 creatures vanquished.

Vanquished Creatures (others)
  A lich (Depths:2)
  A tengu reaver (Vaults:3)
  A vault warden (Vaults:4)
  A ghost moth (Depths:2)
  A salamander stormcaller (Vaults:4)
  4 yaktaur captains
  A centaur warrior (Vaults:2)
  2 dancing weapons (Depths:2)
  A deep troll (Depths:2)
  An unseen horror (Vaults:1)
  A stone giant zombie (Vaults:3)
  A centaur zombie (D:14)
  A cyclops (Vaults:2)
  9 yaktaurs
  A crimson imp (D:4)
  2 human simulacra
  An elf simulacrum (Vaults:2)
  A kobold (D:4)
  2 fire vortices
  5 fungi
  5 lost souls (Crypt:3)
  23 plants
66 creatures vanquished.

Grand Total: 2328 creatures vanquished

Notes
Turn   | Place    | Note
--------------------------------------------------------------
     0 | D:1      | Chiseanne the Demonspawn Wanderer began the quest for the Orb.
     0 | D:1      | Chiseanne set off with: a +2 short sword, a +0 quarterstaff, the Grimoire of Calling, a +0 robe, a bread ration
     0 | D:1      | Reached XP level 1. HP: 15/15 MP: 3/3
     1 | D:1      | Identified the Grimoire of Calling
     3 | D:1      | Learned a level 1 spell: Summon Small Mammal
   241 | D:1      | Gained mutation: You are partially covered in iridescent scales (AC +4). [demonic ancestry]
   241 | D:1      | Reached XP level 2. HP: 1/22 MP: 5/5
  1012 | D:1      | Gained mutation: You are mostly covered in iridescent scales (AC +6). [demonic ancestry]
  1012 | D:1      | Reached XP level 3. HP: 26/28 MP: 6/6
  1497 | D:2      | Found a burning altar of Makhleb.
  1499 | D:2      | Noticed a balrug
  1578 | D:2      | Found a shadowy altar of Dithmenos.
  1632 | D:2      | Gained mutation: You sometimes gain a little power by taking damage. [demonic ancestry]
  1632 | D:2      | Reached XP level 4. HP: 34/34 MP: 7/7
  1769 | D:2      | Reached skill level 3 in Fighting
  2472 | D:3      | Gained mutation: You are partially covered in sharp spines. [demonic ancestry]
  2472 | D:3      | Reached XP level 5. HP: 37/41 MP: 5/9
  2733 | D:4      | Reached skill level 4 in Fighting
  2789 | D:4      | Found a glowing drain.
  2794 | Sewer    | Entered a sewer
  2929 | Sewer    | Gained mutation: You sometimes gain power by taking damage. [demonic ancestry]
  2929 | Sewer    | Reached XP level 6. HP: 46/49 MP: 10/10
  2997 | Sewer    | Reached skill level 5 in Fighting
  3071 | D:4      | Noticed a phantom
  3073 | D:4      | Noticed a slave
  3074 | D:4      | Noticed a slave
  3075 | D:4      | Noticed a slave
  3076 | D:4      | Noticed Pikel
  3076 | D:4      | Noticed a slave
  3097 | D:4      | Killed Pikel
  3097 | D:4      | Reached skill level 6 in Fighting
  3097 | D:4      | Reached XP level 7. HP: 29/58 MP: 11/13
  3110 | D:4      | Killed a phantom
  3504 | D:4      | Noticed an ogre
  3514 | D:4      | Killed an ogre
  3514 | D:4      | Gained mutation: You have sharp fingernails. [demonic ancestry]
  3514 | D:4      | Reached XP level 8. HP: 14/65 MP: 14/14
  3795 | D:4      | Noticed an ogre
  3836 | D:4      | Killed an ogre
  4272 | D:5      | Entered Level 5 of the Dungeon
  4626 | D:5      | Found a shimmering altar of Xom.
  4922 | D:5      | Found a staircase to the Ecumenical Temple.
  4928 | Temple   | Entered the Ecumenical Temple
  5256 | D:6      | Reached skill level 7 in Fighting
  5661 | D:6      | Found a radiant altar of Vehumet.
  5781 | D:6      | Found an opulent altar of Gozag.
  5790 | D:6      | Became a worshipper of Gozag Ym Sagoz the Greedy
  5845 | D:6      | Found a sacrificial altar of Ru.
  5845 | D:6      | Found a basalt altar of Yredelemnul.
  6133 | D:7      | Reached XP level 9. HP: 48/72 MP: 16/16
  6182 | D:7      | Reached skill level 5 in Armour
  6456 | D:7      | Found Gyptyrudu's Distillery.
  6473 | D:7      | Bought a potion of heal wounds for 65 gold pieces
  6473 | D:7      | Bought a potion of agility for 52 gold pieces
  6473 | D:7      | Bought a potion of degeneration for 13 gold pieces
  6473 | D:7      | Bought a potion of heal wounds for 65 gold pieces
  6473 | D:7      | Bought a potion of cancellation for 104 gold pieces
  6473 | D:7      | Bought a potion of poison for 13 gold pieces
  6517 | D:7      | Reached skill level 5 in Spellcasting
  6717 | D:7      | Reached skill level 5 in Dodging
  6718 | D:7      | Found Okae's Antique Armour Shop.
  6813 | D:7      | Got a translucent helmet
  6824 | D:7      | Identified the +1 helmet of Declicze {rPois Regen+ Dex+3} (You found it on level 7 of the Dungeon)
  7438 | D:8      | Reached skill level 8 in Fighting
  7537 | D:8      | Found Etwazy's Food Emporium.
  7566 | D:8      | Bought a slice of pizza for 16 gold pieces
  7566 | D:8      | Bought a slice of pizza for 16 gold pieces
  7566 | D:8      | Bought a beef jerky for 16 gold pieces
  7566 | D:8      | Bought a beef jerky for 16 gold pieces
  7566 | D:8      | Bought a slice of pizza for 16 gold pieces
  7643 | D:7      | Bought a potion of mutation for 32 gold pieces
  7643 | D:7      | Bought a potion of lignification for 39 gold pieces
  7643 | D:7      | Bought a potion of curing for 39 gold pieces
  7643 | D:7      | Bought a potion of haste for 130 gold pieces
  8173 | D:3      | Found an ancient bone altar of Kikubaaqudgha.
  8361 | D:7      | Bought a potion of might for 52 gold pieces
  8541 | D:8      | Found Suon Gam's General Store.
  8575 | D:8      | Found Yczadolo's Weapon Shop.
  8821 | D:8      | Noticed Maurice
  8837 | D:8      | Killed Maurice
  8837 | D:8      | Gained mutation: You are powered by pain. [demonic ancestry]
  8837 | D:8      | Reached XP level 10. HP: 82/82 MP: 18/18
  9006 | D:8      | Found a staircase to the Lair.
  9144 | D:8      | Reached skill level 9 in Fighting
  9153 | D:8      | Found Did One's Antique Armour Emporium.
  9917 | D:9      | Found Seohuf's Distillery.
  9925 | D:9      | Bought a potion of brilliance for 48 gold pieces
  9925 | D:9      | Bought a potion of ambrosia for 96 gold pieces
  9925 | D:9      | Bought a potion of magic for 96 gold pieces
 10429 | D:9      | Found a runed door.
 10591 | D:10     | Entered Level 10 of the Dungeon
 10616 | D:10     | Noticed a hill giant
 10627 | D:10     | HP: 2/84 [hill giant/giant club (27)]
 10729 | D:9      | Killed a hill giant
 10908 | D:10     | Reached skill level 10 in Fighting
 11045 | D:8      | Bought the +5 hand axe of Zamuaqae {drain, rElec MP+9 Dex-2 Stlth-} for 465 gold pieces
 11045 | D:8      | Bought a slice of pizza for 18 gold pieces
 11188 | D:10     | Reached skill level 1 in Axes
 11265 | D:10     | Reached skill level 5 in Shields
 11293 | D:10     | Noticed a green ugly thing
 11310 | D:10     | Killed a green ugly thing
 11310 | D:10     | Reached XP level 11. HP: 88/90 MP: 19/19
 11393 | D:10     | Found a staircase to the Orcish Mines.
 11764 | D:11     | Noticed a four-headed hydra
 11816 | D:11     | Killed a four-headed hydra
 11885 | D:11     | Noticed Snorg
 11907 | D:11     | Killed Snorg
 12304 | D:11     | Killed an unseen horror
 12746 | D:12     | Noticed a hill giant
 12766 | D:12     | Killed a hill giant
 12872 | D:12     | Gained mutation: Your skin changes colour to match your surroundings (Stealth). [potion of beneficial mutation]
 12873 | D:12     | Gained mutation: Your natural rate of healing is unusually fast. [potion of beneficial mutation]
 12894 | D:12     | Reached skill level 5 in Axes
 13177 | D:12     | Found a glowing golden altar of the Shining One.
 13489 | D:12     | Reached XP level 12. HP: 93/97 MP: 20/20
 13504 | D:12     | Noticed a centaur warrior
 13509 | D:12     | Killed a centaur warrior
 13838 | D:13     | Reached skill level 10 in Armour
 14048 | D:13     | Found a white marble altar of Elyvilon.
 14441 | D:14     | Found Wuddodas's Assorted Antiques.
 14444 | D:14     | Bought a potion of agility for 96 gold pieces
 14694 | D:14     | Noticed an ettin
 14834 | D:14     | Found a runed door.
 14926 | D:14     | Noticed a seven-headed hydra
 15192 | Orc:1    | Entered Level 1 of the Orcish Mines
 15286 | Orc:1    | Found Efraly's Distillery.
 15295 | Orc:1    | Bought a potion of heal wounds for 85 gold pieces
 15295 | Orc:1    | Bought a potion of curing for 51 gold pieces
 15295 | Orc:1    | Bought a potion of haste for 170 gold pieces
 15295 | Orc:1    | Bought a potion of agility for 68 gold pieces
 15295 | Orc:1    | Bought a potion of invisibility for 136 gold pieces
 15295 | Orc:1    | Bought a potion of haste for 170 gold pieces
 15295 | Orc:1    | Bought a potion of curing for 51 gold pieces
 15924 | Orc:2    | Found Lexixis's Antique Armour Shoppe.
 15976 | Orc:2    | Found Etu Xyot's Gadget Shoppe.
 16149 | Orc:2    | Found Zudur's Book Shoppe.
 16341 | Orc:3    | Noticed Urug
 16371 | Orc:3    | Killed Urug
 16371 | Orc:3    | Reached skill level 11 in Armour
 16621 | Orc:3    | Noticed Nergalle
 16656 | Orc:3    | Killed Nergalle
 16779 | Orc:3    | Noticed a stone giant
 16801 | Orc:3    | Killed a stone giant
 16801 | Orc:3    | Reached XP level 13. HP: 98/103 MP: 21/21
 17022 | Orc:4    | Entered Level 4 of the Orcish Mines
 17166 | Orc:4    | Found a staircase to the Elven Halls.
 18507 | Orc:4    | Reached skill level 10 in Shields
 18877 | Orc:4    | Found Vonnerghy's Antique Armour Shop.
 18880 | Orc:4    | Found Goigelitt's Antique Weapon Boutique.
 18881 | Orc:4    | Found Mescho Deun's Book Shop.
 18882 | Orc:4    | Found Kaklievva's Antique Armour Shop.
 18886 | Orc:4    | Bought a fine long sword for 263 gold pieces
 18887 | Orc:4    | Identified the +6 long sword "Elasomi" {drain, +Blink Str+2} (You bought it in a shop on level 4 of the Orcish Mines)
 18892 | Orc:4    | Bought a faintly humming ring mail for 279 gold pieces
 18903 | Orc:4    | Identified the cursed +1 ring mail of the Forsaken Wars {rF++ Regen+} (You bought it in a shop on level 4 of the Orcish Mines)
 18905 | Orc:4    | Bought a bloodstained helmet for 228 gold pieces
 18905 | Orc:4    | Bought a pair of glowing gloves for 108 gold pieces
 18918 | Orc:4    | Identified the cursed +0 helmet "Molew" {rPois rF+ Regen+ Slay-5} (You bought it in a shop on level 4 of the Orcish Mines)
 18946 | Orc:4    | Bought an ichor-stained hunting sling for 201 gold pieces
 18946 | Orc:4    | Identified the cursed +0 hunting sling of Mieniuma {flame, +Blink rF- Str+8 Dex-2} (You bought it in a shop on level 4 of the Orcish Mines)
 19164 | Orc:2    | Bought a manual of Shields for 1324 gold pieces
 19284 | D:8      | Bought a scroll of magic mapping for 42 gold pieces
 19284 | D:8      | Bought a potion of might for 48 gold pieces
 19284 | D:8      | Bought a scroll of remove curse for 36 gold pieces
 19481 | D:14     | Bought a runed falchion for 72 gold pieces
 19495 | D:14     | Bought a runed long sword for 84 gold pieces
 19500 | D:14     | Bought a scroll of enchant weapon for 180 gold pieces
 19531 | D:14     | Killed an ettin
 19531 | D:14     | Reached skill level 12 in Armour
 19617 | D:14     | Noticed a six-headed hydra
 19843 | D:14     | Noticed a yaktaur captain
 19858 | D:14     | Killed a yaktaur captain
 20046 | D:14     | Noticed a tengu reaver
 20075 | D:14     | Killed a tengu reaver
 20288 | D:14     | Gained mutation: You are mostly covered in sharp spines. [demonic ancestry]
 20288 | D:14     | Reached XP level 14. HP: 108/110 MP: 22/22
 20333 | D:14     | Reached skill level 10 in Axes
 20341 | D:14     | Noticed a vault guard
 20343 | D:14     | Noticed a vault guard
 20366 | D:14     | Found a gate to the Vaults.
 20382 | D:14     | Killed a vault guard
 20384 | D:14     | Killed a vault guard
 20506 | D:14     | Killed a six-headed hydra
 20676 | D:15     | Entered Level 15 of the Dungeon
 20966 | D:15     | Reached skill level 13 in Armour
 21200 | D:15     | Found a staircase to the Depths.
 21339 | D:15     | Found a portal to a secret trove of treasure.
 21779 | D:15     | Upgraded the game from 0.17-a0-1532-g2de063d to 0.17-a0-1534-gf98da79
 21994 | Lair:1   | Entered Level 1 of the Lair of Beasts
 22608 | Lair:1   | You fall through a shaft!
 24412 | Lair:4   | Found a staircase to the Snake Pit.
 24929 | Lair:4   | Got a fabulously ornate robe
 24941 | Lair:4   | Gained mutation: You have very sharp fingernails. [demonic ancestry]
 24941 | Lair:4   | Reached XP level 15. HP: 115/115 MP: 23/23
 25198 | Lair:4   | Reached skill level 14 in Shields
 25277 | Lair:4   | Identified the +2 robe of Indomitability {rElec rF++ Regen+ Str+2} (You found it on level 4 of the Lair of Beasts)
 25775 | Lair:5   | Found a staircase to the Shoals.
 26180 | Lair:6   | Noticed Nessos
 26205 | Lair:6   | Killed Nessos
 26729 | Lair:7   | Found a labyrinth entrance.
 26779 | Lab      | Entered a labyrinth
 26964 | Lab      | Identified the Volume of Malediction
 26969 | Lab      | Got a pair of encrusted gloves
 26981 | Lab      | Identified the +0 pair of gloves of the Swamp {*Corrode rPois MP-9 Str+4} (You found it in a labyrinth)
 27727 | Lair:7   | Found a staircase to the Slime Pits.
 28096 | Lair:8   | Entered Level 8 of the Lair of Beasts
 28619 | Lair:8   | Noticed Nattefrost's ghost (powerful DrBe)
 28921 | Lair:8   | Killed Nattefrost's ghost
 29474 | Lair:8   | Reached skill level 15 in Shields
 29968 | Lair:8   | Reached XP level 16. HP: 125/125 MP: 28/28
 30404 | D:14     | Killed a seven-headed hydra
 30484 | D:15     | Learned a level 3 spell: Spectral Weapon
 30704 | D:7      | Bought a potion of flight for 39 gold pieces
 30704 | D:7      | Bought a potion of flight for 39 gold pieces
 30815 | Orc:1    | Bought a potion of flight for 51 gold pieces
 30941 | D:14     | Bought a potion of berserk rage for 120 gold pieces
 31051 | D:9      | Bought a potion of agility for 48 gold pieces
 31051 | D:9      | Bought a potion of curing for 36 gold pieces
 31051 | D:9      | Bought a potion of cure mutation for 420 gold pieces
 31051 | D:9      | Bought 2 potions of haste for 240 gold pieces
 31051 | D:9      | Bought a potion of curing for 36 gold pieces
 31051 | D:9      | Bought a potion of might for 48 gold pieces
 31051 | D:9      | Bought a potion of might for 48 gold pieces
 31051 | D:9      | Bought a potion of curing for 36 gold pieces
 31088 | Orc:2    | Bought the -2 hat of the Alchemist {rElec rPois rF+ rC+ rN+ MR+ rMut rCorr} for 1180 gold pieces
 31088 | Orc:2    | Bought a runed buckler for 112 gold pieces
 31149 | Orc:2    | Bought a book of the Warp for 1080 gold pieces
 31149 | Orc:2    | Bought a book of Spatial Translocations for 780 gold pieces
 31153 | Orc:2    | Learned a level 1 spell: Apportation
 31156 | Orc:2    | Learned a level 2 spell: Shroud of Golubria
 31159 | Orc:2    | Learned a level 2 spell: Blink
 31692 | Snake:1  | Entered Level 1 of the Snake Pit
 33087 | Snake:2  | Reached skill level 1 in Translocations
 33407 | Snake:2  | Noticed Aizul
 33448 | Snake:2  | Killed Aizul
 34317 | Snake:4  | Entered Level 4 of the Snake Pit
 34475 | Snake:4  | Noticed Wiglaf
 34653 | Snake:4  | Gained mutation: You resist negative energy. [demonic ancestry]
 34653 | Snake:4  | Reached XP level 17. HP: 48/131 MP: 30/30
 34719 | Snake:4  | Killed Wiglaf
 34965 | Snake:4  | Noticed Nikola
 35004 | Snake:4  | Killed Nikola
 35046 | Snake:4  | Reached skill level 5 in Translocations
 35515 | Snake:4  | Got a serpentine rune of Zot
 35531 | Snake:4  | Reached skill level 10 in Spellcasting
 35915 | Shoals:1 | Entered Level 1 of the Shoals
 36214 | Shoals:2 | Learned a level 2 spell: Repel Missiles
 36322 | Shoals:2 | Noticed Louise
 36350 | Shoals:2 | Killed Louise
 36644 | Shoals:4 | Entered Level 4 of the Shoals
 37220 | Shoals:4 | Got a barnacled rune of Zot
 37826 | D:15     | Learned a level 4 spell: Passage of Golubria
 37934 | Vaults:1 | Entered Level 1 of the Vaults
 37978 | Vaults:1 | Noticed trantor's ghost (mighty SpEn)
 37983 | Vaults:1 | Killed trantor's ghost
 38037 | Vaults:1 | Reached XP level 18. HP: 140/140 MP: 31/33
 38405 | Vaults:1 | Noticed Norris
 38435 | Vaults:1 | Reached skill level 16 in Shields
 38450 | Vaults:1 | Killed Norris
 38609 | Vaults:1 | Noticed Donald
 38648 | Vaults:1 | Killed Donald
 38721 | Vaults:1 | Found Qolek's General Store.
 38824 | Vaults:1 | Bought a bread ration for 85 gold pieces
 38824 | Vaults:1 | Bought a scroll of remove curse for 51 gold pieces
 39850 | Vaults:2 | Identified a +1 rod of inaccuracy (13/13) (You found it on level 2 of the Vaults)
 40264 | Vaults:2 | Reached skill level 10 in Translocations
 40316 | Vaults:2 | Gained mutation: You are completely covered in sharp spines. [demonic ancestry]
 40316 | Vaults:2 | Reached XP level 19. HP: 126/146 MP: 35/35
 40411 | Vaults:2 | Noticed Saint Roka
 40453 | Vaults:2 | Killed Saint Roka
 40954 | Vaults:2 | Reached skill level 17 in Shields
 42326 | Vaults:3 | Noticed Sojobo
 42375 | Vaults:3 | Killed Sojobo
 42538 | Vaults:3 | Reached skill level 15 in Axes
 42767 | Vaults:3 | Gained mutation: You are somewhat able to resist unholy torments (1 in 2 success). [demonic ancestry]
 42767 | Vaults:3 | Reached XP level 20. HP: 152/152 MP: 37/37
 42906 | Vaults:3 | Noticed Jorgrun
 42929 | Vaults:3 | Killed Jorgrun
 43095 | Vaults:3 | Found a staircase to the Crypt.
 44110 | Vaults:4 | Reached skill level 18 in Shields
 44340 | Vaults:4 | Noticed a golden dragon
 44364 | Vaults:4 | Killed a golden dragon
 44812 | Vaults:4 | Gained mutation: You expend magic power (3 MP) to strengthen your wands. [a Zot trap]
 45114 | Crypt:1  | Entered Level 1 of the Crypt
 45391 | Crypt:3  | Entered Level 3 of the Crypt
 45946 | Crypt:3  | Found an ancient bone altar of Kikubaaqudgha.
 46212 | Crypt:3  | Reached XP level 21. HP: 86/158 MP: 39/39
 46335 | Crypt:3  | Identified the Incunabulum of Black Secrets
 46378 | Crypt:3  | Noticed Xtahua
 46418 | Crypt:3  | Killed Xtahua
 46433 | Crypt:3  | Noticed a greater mummy
 46435 | Crypt:3  | Noticed Khufu
 46446 | Crypt:3  | Noticed a greater mummy
 46461 | Crypt:3  | Killed Khufu
 46528 | Crypt:3  | Killed a greater mummy
 46602 | Crypt:3  | Killed a greater mummy
 46729 | Crypt:3  | Got a polished long sword
 46733 | Crypt:3  | Identified the +6 long sword of the Ass {drain, rN+} (You found it on level 3 of the Crypt)
 47008 | Crypt:3  | Found a staircase to the Tomb.
 47009 | Crypt:3  | Noticed Jory
 47028 | Crypt:3  | Killed Jory
 47030 | Crypt:3  | Got a flickering steel ring
 47036 | Crypt:3  | Got a twitching bone ring
 47086 | Crypt:3  | Identified the ring "Qisaopt" {rN+ MR+ Str+3 Int+3 Dex+4} (You took it off Jory on level 3 of the Crypt)
 47090 | Crypt:3  | Identified the ring of Pessimism {rF+ rN+ MP-9 Str+8 Slay+3} (You took it off a vampire on level 3 of the Crypt)
 47509 | D:15     | Learned a level 5 spell: Phase Shift
 47514 | D:15     | Learned a level 4 spell: Force Lance
 47517 | D:15     | Learned a level 2 spell: Song of Slaying
 47521 | D:15     | Learned a level 3 spell: Teleport Other
 47527 | D:15     | Learned a level 5 spell: Summon Forest
 47808 | D:15     | Learned a level 3 spell: Tukima's Dance
 47823 | Depths:1 | Entered Level 1 of the Depths
 47842 | Depths:1 | Reached skill level 19 in Shields
 47893 | Depths:1 | Found a gateway to Hell.
 48180 | Depths:1 | Found a one-way gate to the infinite horrors of the Abyss.
 48567 | Depths:1 | Found Kiuskemm's Jewellery Shoppe.
 48573 | Depths:1 | Bought a cursed -2 ring of intelligence for 40 gold pieces
 48573 | Depths:1 | Bought an uncursed ring of see invisible for 300 gold pieces
 48857 | Depths:2 | Reached skill level 20 in Shields
 48971 | Depths:2 | Reached XP level 22. HP: 153/165 MP: 31/40
 49171 | Depths:2 | Noticed a caustic shrike
 49182 | Depths:2 | Killed a caustic shrike
 49442 | Depths:2 | Got a smoking bronze ring
 49455 | Depths:2 | Identified the ring "Neitzueh" {Int+4 Dex+9} (You found it on level 2 of the Depths)
 49767 | Depths:2 | Reached skill level 21 in Shields
 49920 | Depths:2 | Noticed an ancient lich
 49935 | Depths:2 | Killed an ancient lich
 49950 | Depths:2 | Got a scintillating tin ring
 50127 | Depths:2 | Got a crude robe
 50129 | Depths:2 | Identified the +0 robe of Trial and Error {rF+ rN+} (You took it off a deep elf conjurer on level 2 of the Depths)
 50132 | Depths:2 | Identified the ring of Ydelad {Ice rElec Str+6 Stlth-} (You took it off a deep elf demonologist on level 2 of the Depths)
 50434 | Depths:3 | Found a flickering gateway to a bazaar.
 50439 | Bazaar   | Entered a bazaar
 50439 | Bazaar   | Found Ropluam's Jewellery Emporium.
 50440 | Bazaar   | Found Axymu's General Store.
 50446 | Bazaar   | Found Izevvon's Book Boutique.
 50485 | Bazaar   | Bought a potion of heal wounds for 60 gold pieces
 50485 | Bazaar   | Bought a plain deck of summoning for 168 gold pieces
 50485 | Bazaar   | Bought a potion of heal wounds for 60 gold pieces
 50492 | Bazaar   | Found Gaefu's General Store.
 50498 | Bazaar   | Bought a scroll of fog for 26 gold pieces
 50498 | Bazaar   | Bought a potion of haste for 130 gold pieces
 50498 | Bazaar   | Bought a meat ration for 65 gold pieces
 50498 | Bazaar   | Bought a scroll of remove curse for 39 gold pieces
 50711 | Depths:3 | Found a gateway to a ziggurat.
 50717 | Depths:3 | Found a one-way gate leading to the halls of Pandemonium.
 50899 | Depths:3 | Found a large runed door.
 51025 | Depths:3 | Found a large runed door.
 51038 | Depths:3 | Reached skill level 22 in Shields
 51430 | Depths:3 | Noticed an ancient lich
 51435 | Depths:3 | Reached XP level 23. HP: 167/171 MP: 32/41
 51458 | Depths:3 | Killed an ancient lich
 51607 | Depths:3 | Identified Alistair's Reference Book on Poison
 52110 | Depths:3 | Paralysed by a giant eyeball for 3 turns
 52258 | Depths:4 | Noticed Margery
 52290 | Depths:4 | Killed Margery
 52290 | Depths:4 | Reached skill level 23 in Shields
 52812 | Depths:4 | Got a transparent demon whip
 52814 | Depths:4 | Identified the +9 demon whip of the Egg {pain, rC+ SInv Stlth+} (You took it off a salamander mystic on level 4 of the Depths)
 53105 | Depths:5 | Entered Level 5 of the Depths
 53598 | Depths:5 | Reached skill level 24 in Shields
 53792 | Depths:5 | Noticed Mennas
 53857 | Depths:5 | Killed Mennas
 54433 | Depths:5 | Gained mutation: You have claws for hands. [demonic ancestry]
 54433 | Depths:5 | Reached XP level 24. HP: 153/178 MP: 32/41
 54501 | Depths:5 | Found a runed door.
 54501 | Depths:5 | Found a runed door.
 54501 | Depths:5 | Found a runed door.
 54554 | Depths:5 | Found a runed door.
 54904 | Depths:5 | Found a runed door.
 54908 | Depths:5 | Found a runed door.
 54978 | Depths:5 | Found a gate to the Realm of Zot.
 55275 | Depths:5 | Reached skill level 25 in Shields
 55361 | Depths:5 | Found Dykur's Magic Scroll Emporium.
 55364 | Depths:5 | Bought a scroll of fog for 28 gold pieces
 55364 | Depths:5 | Bought a scroll of magic mapping for 49 gold pieces
 55364 | Depths:5 | Bought a scroll of identify for 28 gold pieces
 55364 | Depths:5 | Bought a scroll of random uselessness for 14 gold pieces
 55364 | Depths:5 | Bought a scroll of identify for 28 gold pieces
 55364 | Depths:5 | Bought a scroll of blinking for 105 gold pieces
 55364 | Depths:5 | Bought a scroll of amnesia for 49 gold pieces
 55537 | D:15     | Learned a level 2 spell: Swiftness
 55541 | D:15     | Learned a level 3 spell: Regeneration
 55986 | D:15     | Bought a manual of Armour for 1545 gold pieces
 55990 | D:15     | Bought the +8 mithril axe "Arga" {speed, MR+ Str+2} for 1926 gold pieces
 55990 | D:15     | Bought a runed great mace for 182 gold pieces
 55990 | D:15     | Bought an ichor-stained war axe for 238 gold pieces
 55993 | D:15     | Identified the cursed +2 war axe of Crawling {chop, rElec rPois MR- Int+2} (You bought it in a shop on level 15 of the Dungeon)
 56019 | D:15     | Bought a scroll of identify for 64 gold pieces
 56019 | D:15     | Bought a coral ring for 160 gold pieces
 56019 | D:15     | Bought a scroll of magic mapping for 112 gold pieces
 56041 | D:15     | Bought a garnet-encrusted scale mail for 306 gold pieces
 56044 | D:15     | Identified the cursed +1 scale mail of Divine Compulsion {rC+} (You bought it in a shop on level 15 of the Dungeon)
 56267 | Vaults:5 | Entered Level 5 of the Vaults
 56297 | Vaults:5 | Reached skill level 15 in Armour
 56306 | Vaults:5 | Killed from afar by a titan

Vault maps used:
D:1:      dpeg_arrival_yet_another_circle, nrook_mini_vaults, minmay_surrounded
D:2:      nicolae_dithmenos_shadow_blocks, first_bread,
          makhleb_altar_promises_db
D:3:      nicolae_overflow_hidden_temple
D:4:      portal_sewer_entry_e, corexii_hall_statues_x, uniq_pikel
D:5:      nicolae_overflow_crystal_walls, temple_hall, minmay_fountain_box
D:6:      gammafunk_temple_overflow_elements, minitemple, minivault_1,
          minmay_crystal_room
D:7:      serial_shops, shop, shop_fountains
D:8:      lair_0_dummy, serial_shops, shop, kennysheep_mini, shop_coins, shop,
          uniq_maurice
D:9:      serial_shops, shop, hangedman_tell_no_tales
D:10:     orc_0_dummy, kennysheep_generic_room_11
D:11:     portal_ice_cave_entry_pillars_01, uniq_snorg
D:12:     tso_metal_star
D:13:     elyvilon_altar_3
D:14:     cheibrodos_leafed_vault, grunt_vaults_entry_tiered,
          minmay_misc_feat_alley, minmay_crystal_box
D:15:     gammafunk_depths_entry_grave, nicolae_trove_entry_free_sample,
          hangedman_abyss_or_decor_passed
Temple:   dpeg_five_rooms_temple_12
Lair:1:   beast_lair_carwin_5, grunt_megastairs_4, lemuel_fruit_tree
Lair:2:   serial_bayou_shore_a
Lair:3:   lemuel_fruit_fields
Lair:4:   minmay_snake_entry_spellcaster
Lair:5:   elwin_shoals_entry_rooms
Lair:6:   st_stairs_13, uniq_nessos
Lair:7:   minmay_slime_entry_jelly_boxes, lab_entry_generic,
          eino_small_chamber_without_monster, grunt_megastairs_2
Lair:8:   hangedman_lair_tendril_chambers, guppyfry_lair_end_dragon,
          grunt_forest_large_clearings, serial_bayou_shore_b
Shoals:2: uniq_louise
Shoals:3: serial_shops, shop, nicolae_shoals_loop_pool
Shoals:4: shoals_end_hangedman, shoal_ilsuiw
Snake:1:  serial_bayou, serial_bayou_pond_a, serial_bayou_pond_a,
          serial_bayou_pond_c, serial_bayou_crossing, serial_bayou_lagoon_a,
          serial_bayou_pond_c, serial_bayou_shore_b, serial_bayou_shore_b
Snake:2:  uniq_aizul
Snake:4:  snake_pit, serial_bayou_shore_b, uniq_nikola, uniq_wiglaf
Orc:1:    serial_shops, shop
Orc:2:    serial_shops, nicolae_shop_behind_doors, nicolae_shop_behind_doors,
          shop, nicolae_orc_flooded_monolith, nicolae_orc_lava_room
Orc:3:    nicolae_orc_pool_cavern, uniq_nergalle, uniq_urug
Orc:4:    st_orc_pillars
Vaults:1: ontoclasm_vaults_spin, vaults_room_mumra_shop_pool, v_misc_16,
          v_alt_pattern_2, vaults_dpeg_diagonal, vaults_mumra_hex,
          hangedman_vaults_maws, nicolae_vaults_border_crossing,
          vaults_room_fours, vaults_room_pools, nicolae_vaults_little_squares_2,
          uniq_donald, uniq_norris
Vaults:2: hangedman_vaults_hard_town_square, v_alt_pattern_1,
          vaults_mumra_hexcomb, v_misc_16, grunt_vaults_hallway_short,
          vaults_room_grid, vaults_dpeg_ring, v_rooms_5, vaults_room_pools,
          nicolae_vaults_little_squares_5, ontoclasm_vaults_twist,
          nicolae_vaults_angled_halls, ontoclasm_vaults_decontamination,
          vaults_standard_mumra_x, uniq_saint_roka
Vaults:3: st_squares, v_misc_1, grunt_vaults_focal, blue_anna_dwarven_crypt,
          ontoclasm_vaults_loading_screen, nicolae_vaults_rhombus_5, v_misc_26,
          vaults_room_semicircle, v_misc_3, ontoclasm_vaults_ring_square,
          ontoclasm_vaults_loading_screen, uniq_jorgrun, uniq_sojobo
Vaults:4: v_pattern_5, nicolae_vaults_halls_meeting, ontoclasm_vaults_eye,
          nicolae_vaults_mini_display_case, ontoclasm_vaults_pinch,
          nicolae_vaults_theta, vaults_room_door_ring, v_misc_22, v_misc_23,
          vaults_room_pools
Vaults:5: uniq_mara
Crypt:1:  grunt_crypt_arrival_guarded_gate
Crypt:3:  grunt_crypt_end_deaths_head, uniq_khufu, uniq_xtahua
Depths:1: special_room, serial_bayou_pond_a, serial_shops, shop,
          abyss_entry_crystal, hell_entry, corexii_hall_statues_l,
          nrook_mini_backslash, wheals_unrand_guarded_autumn_katana
Depths:2: hangedman_pleasuredromes, serial_shops, hell_entry
Depths:3: kennysheep_large_spiral, enter_ziggurat_e, hell_entry, serial_shops,
          bzr_entry_road, pan_entry, minmay_tree_intersection,
          hangedman_eye_storm, infiniplex_staircase_pool_2, serial_bayou_shore_b
Depths:4: minmay_connected_triangles_in_corner, hellmouth_1, abyss_entry,
          minmay_staircase_statues, serial_bayou_shore_b, uniq_margery
Depths:5: evilmike_zot_entry_castle, minmay_misc_feat_roman, serial_shops,
          nicolae_shop_behind_doors, grunt_hell_entry_dis_grunt,
          hangedman_corner_corridor, uniq_mennas
Lab:      nicolae_lab_dead_adventurers, nicolae_lab_x, lab_fountain,
          nicolae_lab_plus, labyrinth_skeletal_remains, nicolae_lab_grate_2
Bazaar:   bazaar_kb_twisted_cavern
Sewer:    sewer_frog_island_02

Action                   |  1- 3 |  4- 6 |  7- 9 | 10-12 | 13-15 | 16-18 | 19-21 | 22-24 || total
-------------------------+-------+-------+-------+-------+-------+-------+-------+-------++-------
Melee: Short sword       |   167 |   178 |   349 |       |    15 |       |       |       ||   709
       Hand axe          |       |       |    17 |   840 |  1916 |  2304 |   162 |       ||  5239
       Flail             |       |       |       |       |   150 |     5 |       |       ||   155
       Morningstar       |       |       |       |       |    22 |     4 |    31 |       ||    57
       War axe           |       |       |       |       |       |       |   586 |       ||   586
       Broad axe         |       |       |       |       |       |       |  1171 |  1378 ||  2549
 Fire: Blowgun           |       |       |       |    51 |    15 |     7 |     1 |     1 ||    75
Throw: Throwing net      |       |       |       |     2 |       |       |       |       ||     2
 Cast: Summon Small Mamm |       |     3 |     6 |       |     1 |     1 |       |       ||    11
       Shroud of Golubri |       |       |       |       |       |     5 |     1 |     2 ||     8
       Apportation       |       |       |       |       |       |    35 |     1 |     3 ||    39
       Repel Missiles    |       |       |       |       |       |     1 |     1 |       ||     2
       Phase Shift       |       |       |       |       |       |       |       |     1 ||     1
Invok: Call Merchant     |       |       |       |     1 |       |       |       |     6 ||     7
       Potion Petition   |       |       |       |       |       |       |     4 |     3 ||     7
Evoke: Wand              |       |       |     3 |    28 |    24 |    15 |     1 |    14 ||    85
       Box of beasts     |       |       |       |       |       |    15 |       |       ||    15
       Fan of gales      |       |       |       |       |       |     2 |       |     1 ||     3
  Use: Scroll            |     3 |     8 |     9 |     9 |    17 |    22 |     7 |    16 ||    91
       Potion            |       |     1 |       |     6 |    11 |    10 |    21 |    11 ||    60
 Stab: Sleeping          |     1 |       |     1 |     3 |     2 |     4 |     2 |     4 ||    17
       Distracted        |       |       |     2 |     3 |    15 |    21 |    22 |    23 ||    86
       Confused          |       |       |       |       |     3 |       |       |       ||     3
       Invisible         |       |       |       |       |       |       |    19 |       ||    19
       Fleeing           |       |       |       |       |       |       |       |     2 ||     2
  Eat: Chunk             |     3 |     5 |     8 |       |       |       |       |       ||    16
       Royal jelly       |       |       |     2 |     4 |     1 |       |       |     2 ||     9
       Pizza             |       |       |     1 |     5 |       |       |     1 |     1 ||     8
       Bread ration      |       |       |     1 |     1 |     6 |     2 |     6 |     4 ||    20
       Beef jerky        |       |       |     2 |     1 |     1 |     3 |     2 |     3 ||    12
       Fruit             |       |       |       |     8 |    23 |    25 |     3 |       ||    59
